ITL
INDIANA HOUNDS @ WABA DUCKS
07/10/2028
 
TOP OF THE 1ST
Indiana Hounds batting - Pitching for Waba Ducks : RHP Li-cong Sima
Pitching: RHP Li-cong Sima
Batting: RHB Javier Martínez 0-0: Ball
1-0: Called Strike
1-1: Ball
2-1: Foul Ball, location: 2F
2-2: Ball
3-2: Base on Balls
Batting: RHB Anthony Rucker 0-0: Called Strike
0-1: Swinging Strike
0-2: Ball
1-2: Ball
2-2: Strikes out swinging
Batting: RHB Bob Lazzeri 0-0: Ball
1-0: Foul Ball, location: 2F
1-1: Foul Ball, location: 2F
1-2: Strikes out swinging
Javier Martínez is caught stealing 2nd base
Batter strikes out.
Top of the 1st over - 0 run(s), 0 hit(s), 0 error(s), 0 left on base; Indiana 0 - Waba 0
BOTTOM OF THE 1ST
Waba Ducks batting - Pitching for Indiana Hounds : RHP Alvin Heath
Pitching: RHP Alvin Heath
Batting: RHB Kelly Graham 0-0: Ball
1-0: Ball
2-0: Foul Ball, location: 2F
2-1: Foul Ball, location: 2F
2-2: Foul Ball, location: 2F
2-2: Strikes out swinging
Batting: LHB Fernando Cruz 0-0: Bunted foul
0-1: Fly out, F8 (Flyball, 8LS)
Batting: LHB Sammy Marshall 0-0: Ball
1-0: SINGLE (Line Drive, 5D)
Batting: LHB Howard Evans 0-0: Ball
Sammy Marshall steals 2nd base
1-0: Ball
2-0: Called Strike
2-1: Fly out, F7 (Flyball, 7)
Bottom of the 1st over - 0 run(s), 1 hit(s), 0 error(s), 1 left on base; Indiana 0 - Waba 0
TOP OF THE 2ND
Indiana Hounds batting - Pitching for Waba Ducks : RHP Li-cong Sima
Batting: RHB Danny Walker 0-0: Ball
1-0: Ground out 4-3 (Groundball, 4)
Batting: LHB Tommy Evans 0-0: Called Strike
0-1: Swinging Strike
0-2: Ball
1-2: Strikes out swinging
Batting: LHB Junior Coates 0-0: Called Strike
0-1: Ball
1-1: Called Strike
1-2: Ball
2-2: Ball
3-2: Base on Balls
Batting: RHB Francisco Tañón 0-0: Ball
1-0: Swinging Strike
1-1: Called Strike
1-2: Fielders Choice at 2nd, 6-4 (Groundball, 6)
Top of the 2nd over - 0 run(s), 0 hit(s), 0 error(s), 0 left on base; Indiana 0 - Waba 0
BOTTOM OF THE 2ND
Waba Ducks batting - Pitching for Indiana Hounds : RHP Alvin Heath
Batting: RHB Pedro Molina 0-0: Ball
1-0: Ball
2-0: Ball
3-0: Foul Ball, location: 2F
3-1: Base on Balls
Batting: RHB Jeremy Flemming 0-0: Called Strike
0-1: Swinging Strike
0-2: Strikes out looking
Batting: RHB Shaun Puckett 0-0: Ball
1-0: Ball
2-0: Called Strike
2-1: Foul Ball, location: 2F
2-2: Ground out 3-1 (Groundball, 34S)
Pedro Molina to second
Batting: LHB Daniel Carter 0-0: Called Strike
0-1: Ball
1-1: Foul Ball, location: 2F
1-2: Ball
2-2: Ball
3-2: Foul Ball, location: 2F
3-2: Strikes out swinging
Bottom of the 2nd over - 0 run(s), 0 hit(s), 0 error(s), 1 left on base; Indiana 0 - Waba 0
TOP OF THE 3RD
Indiana Hounds batting - Pitching for Waba Ducks : RHP Li-cong Sima
Batting: LHB Pepe Vázquez 0-0: Ball
1-0: Called Strike
1-1: Called Strike
1-2: Foul Ball, location: 2F
1-2: Reached on error, E3 (Groundball, 34)
Batting: SHB Charles Alexander 0-0: Swinging Strike
0-1: Ball
1-1: DOUBLE (Groundball, 3L)
Pepe Vázquez to third
Runner from 3rd tries for Home, SAFE, no throw
Batting: RHB Javier Martínez 0-0: Ground out 5-3 (Groundball, 5)
Batting: RHB Anthony Rucker 0-0: Called Strike
0-1: Ball
Charles Alexander steals 3rd base
1-1: Ball
2-1: Fly out, F8 (Flyball, 8LD)
Runner from 3rd tags up, SCORES, no throw
Batting: RHB Bob Lazzeri 0-0: Foul Ball, location: 2F
0-1: Foul Ball, location: 2F
0-2: Ground out 6-3 (Groundball, 6)
Top of the 3rd over - 2 run(s), 1 hit(s), 1 error(s), 0 left on base; Indiana 2 - Waba 0
BOTTOM OF THE 3RD
Waba Ducks batting - Pitching for Indiana Hounds : RHP Alvin Heath
Batting: SHB Alex Aguilar 0-0: Ball
1-0: Called Strike
1-1: Swinging Strike
1-2: Ball
2-2: Foul Ball, location: 2F
2-2: Foul Ball, location: 2F
2-2: Strikes out swinging
Batting: RHB Kelly Graham 0-0: Ball
1-0: Ball
2-0: Ground out 6-3 (Groundball, 6)
Batting: LHB Fernando Cruz 0-0: Called Strike
0-1: Ball
1-1: Reached on error, E3 (Groundball, 34)
Batting: LHB Sammy Marshall 0-0: Called Strike
0-1: Ball
1-1: Fly out, F6 (Popup, 56D)
Bottom of the 3rd over - 0 run(s), 0 hit(s), 1 error(s), 1 left on base; Indiana 2 - Waba 0
TOP OF THE 4TH
Indiana Hounds batting - Pitching for Waba Ducks : RHP Li-cong Sima
Batting: RHB Danny Walker 0-0: Ball
1-0: Ball
2-0: Called Strike
2-1: Ball
3-1: Foul Ball, location: 2F
3-2: Strikes out looking
Batting: LHB Tommy Evans 0-0: Ground out 6-3 (Groundball, 6M)
Batting: LHB Junior Coates 0-0: Called Strike
0-1: Fly out, F4 (Popup, 4S)
Top of the 4th over - 0 run(s), 0 hit(s), 0 error(s), 0 left on base; Indiana 2 - Waba 0
BOTTOM OF THE 4TH
Waba Ducks batting - Pitching for Indiana Hounds : RHP Alvin Heath
Batting: LHB Howard Evans 0-0: Ball
1-0: Foul Ball, location: 2F
1-1: Foul Ball, location: 2F
1-2: Ball
2-2: Ball
3-2: Foul Ball, location: 2F
3-2: Foul Ball, location: 2F
3-2: Foul Ball, location: 2F
3-2: SINGLE (Groundball, 3D)
Batting: RHB Pedro Molina 0-0: Ball
1-0: Ball
2-0: SINGLE (Flyball, 8RS)
Howard Evans to second
Runner from 2nd tries for 3rd, SAFE, throw made to third
Batting: RHB Jeremy Flemming 0-0: Ball
1-0: Ball
2-0: Called Strike
2-1: Fielders Choice at 2nd, 5-4 (Groundball, 56)
Howard Evans scores
Batting: RHB Shaun Puckett 0-0: Ball
1-0: Fly out, F8 (Flyball, 78M)
Batting: LHB Daniel Carter 0-0: Swinging Strike
0-1: Ball
1-1: Fielders Choice at 2nd, 6-4 (Groundball, 6)
Bottom of the 4th over - 1 run(s), 2 hit(s), 0 error(s), 0 left on base; Indiana 2 - Waba 1
TOP OF THE 5TH
Indiana Hounds batting - Pitching for Waba Ducks : RHP Li-cong Sima
Batting: RHB Francisco Tañón 0-0: Ball
1-0: Foul Ball, location: 2F
1-1: Ball
2-1: Ball
3-1: Foul Ball, location: 2F
3-2: Ground out 4-3 (Groundball, 4)
Batting: LHB Pepe Vázquez 0-0: Ball
1-0: Ball
2-0: Ball
3-0: Base on Balls
Batting: SHB Charles Alexander 0-0: Ball
1-0: Called Strike
1-1: Ball
2-1: Ball
3-1: Called Strike
3-2: Foul Ball, location: 2F
3-2: Fly out, F8 (Flyball, 8RS)
Batting: RHB Javier Martínez 0-0: Foul Ball, location: 2F
0-1: Ball
1-1: Ground out 1-3 (Groundball, P)
Top of the 5th over - 0 run(s), 0 hit(s), 0 error(s), 1 left on base; Indiana 2 - Waba 1
BOTTOM OF THE 5TH
Waba Ducks batting - Pitching for Indiana Hounds : RHP Alvin Heath
Batting: SHB Alex Aguilar 0-0: Swinging Strike
0-1: Reached via error on a dropped throw, E3
Batting: RHB Kelly Graham 0-0: Called Strike
0-1: Foul Ball, location: 2F
0-2: Strikes out looking
Batting: LHB Fernando Cruz 0-0: Called Strike
0-1: Ball
1-1: Ball
2-1: DOUBLE (Line Drive, 9LM)
Alex Aguilar to third
Batting: LHB Sammy Marshall 0-0: Ball
1-0: Called Strike
1-1: Swinging Strike
1-2: Ball
2-2: SINGLE (Flyball, 56D)
Alex Aguilar scores
Fernando Cruz to third
Runner from 3rd tries for Home, SAFE, throw made home
Sammy Marshall to second
Batting: LHB Howard Evans 0-0: Ball
1-0: Swinging Strike
1-1: DOUBLE (Line Drive, 78D)
Sammy Marshall scores
Batting: RHB Pedro Molina 0-0: Ball
1-0: Ball
2-0: Fly out, F7 (Flyball, 7S)
Batting: RHB Jeremy Flemming 0-0: Ground out 6-3 (Groundball, 6)
Bottom of the 5th over - 3 run(s), 3 hit(s), 1 error(s), 1 left on base; Indiana 2 - Waba 4
TOP OF THE 6TH
Indiana Hounds batting - Pitching for Waba Ducks : RHP Li-cong Sima
Batting: RHB Anthony Rucker 0-0: Ball
1-0: Fly out, F9 (Flyball, 9S)
Batting: RHB Bob Lazzeri 0-0: Ball
1-0: Swinging Strike
1-1: Ball
2-1: Foul Ball, location: 2F
2-2: Ball
3-2: Foul Ball, location: 2F
3-2: Strikes out swinging
Batting: RHB Danny Walker 0-0: Ball
1-0: SINGLE (Line Drive, 89S)
Batting: LHB Tommy Evans 0-0: Ball
1-0: Ball
2-0: SINGLE (Flyball, 8RS)
Danny Walker to second
Batting: LHB Junior Coates 0-0: Called Strike
0-1: Ball
1-1: Swinging Strike
1-2: Strikes out swinging
Top of the 6th over - 0 run(s), 2 hit(s), 0 error(s), 2 left on base; Indiana 2 - Waba 4
BOTTOM OF THE 6TH
Waba Ducks batting - Pitching for Indiana Hounds : RHP Alvin Heath
Batting: RHB Shaun Puckett 0-0: Ball
1-0: Swinging Strike
1-1: Ball
2-1: Foul Ball, location: 2F
2-2: Ground out 1-3 (Groundball, 15S)
Batting: LHB Daniel Carter 0-0: Called Strike
0-1: Foul Ball, location: 2F
0-2: Ball
1-2: Ground out 1-3 (Groundball, 13S)
Batting: SHB Alex Aguilar 0-0: Foul Ball, location: 2F
0-1: Swinging Strike
0-2: Ball
1-2: Foul Ball, location: 2F
1-2: Foul Ball, location: 2F
1-2: Ball
2-2: Ball
3-2: Strikes out swinging
Bottom of the 6th over - 0 run(s), 0 hit(s), 0 error(s), 0 left on base; Indiana 2 - Waba 4
TOP OF THE 7TH
Indiana Hounds batting - Pitching for Waba Ducks : RHP Li-cong Sima
Pitching: RHP Jim Nelson
Batting: RHB Francisco Tañón 0-0: Called Strike
0-1: Ball
1-1: Ball
2-1: Ball
3-1: Base on Balls
Pitching: LHP Felipe Rivera
Batting: LHB Pepe Vázquez 0-0: Called Strike
0-1: Swinging Strike
0-2: Ball
1-2: Ball
2-2: Ball
3-2: Foul Ball, location: 2F
3-2: Foul Ball, location: 2F
3-2: Foul Ball, location: 2F
3-2: Foul Ball, location: 2F
3-2: Strikes out swinging
Pitching: RHP Esteban Gonzáles
Batting: SHB Charles Alexander 0-0: Ball
1-0: DOUBLE (Groundball, 5L)
Francisco Tañón to third
Pinch Hitting: LHB Manny Hernández 0-0: Swinging Strike
0-1: Foul Ball, location: 2F
0-2: Ground out U3 (Groundball, 3)
Batting: RHB Anthony Rucker 0-0: Ball
1-0: Fly out, F6 (Popup, 6)
Top of the 7th over - 0 run(s), 1 hit(s), 0 error(s), 2 left on base; Indiana 2 - Waba 4
BOTTOM OF THE 7TH
Waba Ducks batting - Pitching for Indiana Hounds : RHP Alvin Heath
Pitching: RHP François Boudreault
Now in RF: Manny Hernández
Batting: RHB Kelly Graham 0-0: Ball
1-0: Ball
2-0: Ball
3-0: Base on Balls
Batting: LHB Fernando Cruz 0-0: Ball
Kelly Graham is caught stealing 2nd base
1-0: Reached on error, E3 (Groundball, 34)
Batting: LHB Sammy Marshall 0-0: Ball
Fernando Cruz steals 2nd base
1-0: Ball
2-0: Ground out 4-3 (Groundball, 4)
Fernando Cruz to third
Batting: LHB Howard Evans 0-0: Called Strike
0-1: Ball
1-1: Foul Ball, location: 2F
1-2: Ball
2-2: Ball
3-2: Foul Ball, location: 2F
3-2: SINGLE (Popup, 6MS)
Fernando Cruz scores
Batting: RHB Pedro Molina 0-0: Called Strike
0-1: Ball
1-1: Foul Ball, location: 2F
1-2: Ball
2-2: Strikes out swinging
Bottom of the 7th over - 1 run(s), 1 hit(s), 1 error(s), 1 left on base; Indiana 2 - Waba 5
TOP OF THE 8TH
Indiana Hounds batting - Pitching for Waba Ducks : RHP Esteban Gonzáles
Batting: RHB Bob Lazzeri 0-0: Ball
1-0: Foul Ball, location: 2F
1-1: Ball
2-1: Ground out 5-3 (Groundball, 56)
Batting: RHB Danny Walker 0-0: Called Strike
0-1: Swinging Strike
0-2: Foul Ball, location: 2F
0-2: Strikes out swinging
Batting: LHB Tommy Evans 0-0: Called Strike
0-1: Ball
1-1: DOUBLE (Line Drive, 9LM)
Pitching: RHP Bartolo Romo
Batting: LHB Junior Coates 0-0: Called Strike
0-1: Ball
1-1: Foul Ball, location: 2F
1-2: Strikes out swinging
Top of the 8th over - 0 run(s), 1 hit(s), 0 error(s), 1 left on base; Indiana 2 - Waba 5
BOTTOM OF THE 8TH
Waba Ducks batting - Pitching for Indiana Hounds : RHP François Boudreault
Batting: RHB Jeremy Flemming 0-0: Ball
1-0: Swinging Strike
1-1: Ball
2-1: Swinging Strike
2-2: SINGLE (Groundball, 4MD)
Batting: RHB Shaun Puckett 0-0: Ball
1-0: Bunted foul
1-1: Sac Bunt - play at first, batter OUT! 1-4
Jeremy Flemming to second
Batting: LHB Daniel Carter 0-0: Intentional Walk
Batting: SHB Alex Aguilar 0-0: Foul Ball, location: 2F
0-1: Ball
1-1: SINGLE (Flyball, 8RS)
Jeremy Flemming to third
Daniel Carter to second
Runner from 3rd tries for Home, SAFE, no throw
Batting: RHB Kelly Graham 0-0: Foul Ball, location: 2F
0-1: DOUBLE (Line Drive, 7LD)
Daniel Carter scores
Alex Aguilar to third
Pitching: RHP Rob Fields
Batting: LHB Fernando Cruz 0-0: Swinging Strike
0-1: Ball
1-1: Ball
2-1: Ball
3-1: Ground out 4-3 (Groundball, 34)
Alex Aguilar scores
Kelly Graham to third
Batting: LHB Sammy Marshall 0-0: Called Strike
0-1: Foul Ball, location: 2F
0-2: Ball
1-2: Foul Ball, location: 2F
1-2: Ball
2-2: Strikes out swinging
Bottom of the 8th over - 3 run(s), 3 hit(s), 0 error(s), 1 left on base; Indiana 2 - Waba 8
TOP OF THE 9TH
Indiana Hounds batting - Pitching for Waba Ducks : RHP Bartolo Romo
Now in LF: Don Keating
Batting: RHB Francisco Tañón 0-0: Ball
1-0: Ground out 6-3 (Groundball, 6)
Batting: LHB Pepe Vázquez 0-0: Foul Ball, location: 2F
0-1: Ball
1-1: Ball
2-1: Foul Ball, location: 2F
2-2: SINGLE (Groundball, 34D)
Batting: SHB Charles Alexander 0-0: Ball
1-0: Ball
2-0: Called Strike
2-1: Foul Ball, location: 2F
2-2: Ball
3-2: SINGLE (Flyball, 7S)
Pepe Vázquez to second
Batting: LHB Manny Hernández 0-0: Ball
1-0: Ball
2-0: Foul Ball, location: 2F
2-1: Fielders Choice at 2nd, 3-6 (Groundball, 34)
Pepe Vázquez to third
Batting: RHB Anthony Rucker 0-0: Foul Ball, location: 2F
0-1: Called Strike
0-2: Ball
1-2: Foul Ball, location: 2F
1-2: Foul Ball, location: 2F
1-2: Ball
2-2: Ball
3-2: Foul Ball, location: 2F
3-2: Foul Ball, location: 2F
3-2: Ground out 2-3 (Groundball, 2L)
Top of the 9th over - 0 run(s), 2 hit(s), 0 error(s), 2 left on base; Indiana 2 - Waba 8
Tuesday, August 8th, 2017 - OOTP Baseball 17.12 Build 75